 Dungeon Crawl Stone Soup version 0.19.1-1-g22dce08 (webtiles) character file.

626 Bonett the Digger (level 7, 0/36 HPs)
             Began as a Gargoyle Earth Elementalist on Jan 9, 2017.
             Was an Initiate of Vehumet.
             Slain by an unseen horror (2 damage)
             ... on level 5 of the Dungeon.
             The game lasted 00:18:01 (4627 turns).

Bonett the Digger (Gargoyle Earth Elementalist)     Turns: 4627, Time: 00:18:01

Health: 0/36       AC:  9    Str: 11    XL:     7   Next: 47%
Magic:  15/15      EV: 12    Int: 18    God:    Vehumet [......]
Gold:   127        SH:  0    Dex: 10    Spells: 3 memorised, 8 levels left

rFire  . . .     SeeInvis .     l - +2 quarterstaff (chaos)
rCold  . . .     Gourm    .     c - +0 robe
rNeg   + . .     Faith    .     (shield currently unavailable)
rPois  ∞         Spirit   .     (no helmet)
rElec  +         Reflect  .     q - +0 cloak
rCorr  .         Harm     .     n - +1 pair of gloves
MR     .....                    (no boots)
Stlth  ++........               (no amulet)
                                (no ring)
                                (no ring)

@: no status effects
A: negative energy resistance 1, electricity resistance, unbreathing,
petrification resistance, rot immunity, AC +4
a: Renounce Religion


You were on level 5 of the Dungeon.
You worshipped Vehumet.
Vehumet was noncommittal.
You were not hungry.

You visited 2 branches of the dungeon, and saw 6 of its levels.

You collected 127 gold pieces.

Inventory:

Hand Weapons
 h - a +1 mace
 l - a +2 quarterstaff of chaos (weapon)
 m - a +0 falchion
 r - a +0 short sword
Missiles
 b - 3 stones (quivered)
Armour
 c - a +0 robe (worn)
 n - a +1 pair of gloves (worn)
 q - a +0 cloak (worn)
Potions
 o - 2 potions of agility
 p - 2 potions of curing
 s - a potion of magic {unknown}
Books
 e - a book of Geomancy

   Spells                             Type                      Level
   a - Sandblast                      Earth                        1
   b - Passwall                       Transmutation/Earth          2
   c - Stone Arrow                    Conjuration/Earth            3
   d - Petrify                        Transmutation/Earth          4
   e - Lee's Rapid Deconstruction     Earth                        5
Comestibles
 a - 8 fruits
 d - 3 bread rations
 f - 2 beef jerkies
 j - a meat ration
 k - a slice of pizza


   Skills:
 - Level 1.5 Dodging
 - Level 2.1 Stealth
 * Level 5.7 Spellcasting
 + Level 3.5 Conjurations
   Level 0.7 Transmutations
 + Level 5.8 Earth Magic


You had 8 spell levels left.
You knew the following spells:

 Your Spells              Type           Power        Failure   Level  Hunger
a - Sandblast             Erth           ####..       1%          1    None
b - Stone Arrow           Conj/Erth      ###...       6%          3    ##.....
c - Lee's Rapid Deconstr  Erth           ####......   34%         5    #####..


Dungeon Overview and Level Annotations

Branches:
Dungeon (5/15)             Temple (1/1) D:4

Altars:
Ashenzari
Cheibriados
Dithmenos
Elyvilon
Gozag
Hepliaklqana
Nemelex Xobeh
Okawaru
Qazlal
Trog
Vehumet
Xom
The Shining One

Shops:
D:4 [


Innate Abilities, Weirdness & Mutations

You are resistant to torment.
Your stone body is resilient. (AC +4)
You are immune to poison.
You resist negative energy. (rN+)
You are resistant to electric shocks. (rElec)
You can survive without breathing.
You are immune to petrification.
You are immune to rotting.


Message History

You start resting.
Something hits you.
* * * LOW HITPOINT WARNING * * *
You feel much better. Something hits you but does no damage.
You feel much better. Something hits you. Something hits you!
Something hits you! Something hits you!
* * * LOW HITPOINT WARNING * * *
Something hits you.
* * * LOW HITPOINT WARNING * * *
There is a stone staircase leading up here.
It was a potion of curing.
You feel better. Something hits you. Something hits you!
* * * LOW HITPOINT WARNING * * *
Something hits you but does no damage.
There is a stone staircase leading up here.
You miss something. Something hits you.
* * * LOW HITPOINT WARNING * * *
Something hits you.
You die...

######
###....##
#..##...#
#......#
##.<..##
##@.##
#..#
#...#
..##.
#.....
.....
#.....<.
....
...##..##
... ....
.>.# #.
..... ..#
#


There were no monsters in sight!

Vanquished Creatures
  3 ogres (D:4)
  Crazy Yiuf (D:4)
  A bullfrog skeleton (D:4)
  A hound (D:4)
  An orc wizard (D:3)
  Natasha (thrice) (D:3)
  2 worker ants (D:4)
  A howler monkey skeleton (D:5)
  5 adders
  An adder skeleton (D:4)
  7 worms
  5 leopard geckos
  5 orcs
  2 giant cockroaches
  5 hobgoblins
  3 jackals
  4 kobolds
  A quokka (D:2)
  5 bats
  6 frilled lizards
  8 goblins
  6 rats
76 creatures vanquished.

Notes
Turn   | Place    | Note
-------+----------+-------------------------------------------
     0 | D:1      | Bonett the Gargoyle Earth Elementalist began the quest for the Orb.
     0 | D:1      | Reached XP level 1. HP: 10/10 MP: 3/3
   395 | D:1      | Reached XP level 2. HP: 15/15 MP: 1/5
   936 | D:2      | Reached XP level 3. HP: 19/19 MP: 4/7
   942 | D:2      | Learned a level 3 spell: Stone Arrow
   984 | D:2      | Found a faded altar of an unknown god.
  2022 | D:2      | Reached XP level 4. HP: 24/24 MP: 3/8
  2213 | D:2      | Reached skill level 1 in Conjurations
  2363 | D:3      | You fall through a shaft for 2 floors!
  2363 | D:5      | Entered Level 5 of the Dungeon
  2515 | D:4      | Noticed an ogre
  2594 | D:3      | Reached XP level 5. HP: 19/28 MP: 2/10
  2665 | D:3      | Learned a level 5 spell: Lee's Rapid Deconstruction
  3054 | D:3      | Found a sparkling altar of Nemelex Xobeh.
  3151 | D:3      | Noticed Natasha
  3157 | D:3      | Killed Natasha
  3288 | D:3      | Noticed Natasha
  3293 | D:3      | Killed Natasha
  3412 | D:4      | Noticed an ogre
  3421 | D:4      | Killed an ogre
  3421 | D:4      | Reached skill level 5 in Earth Magic
  3421 | D:4      | Reached XP level 6. HP: 23/32 MP: 4/13
  3564 | D:3      | Noticed Natasha
  3569 | D:3      | Killed Natasha
  3789 | D:4      | Reached skill level 5 in Spellcasting
  3804 | D:4      | Reached XP level 7. HP: 35/36 MP: 6/14
  4225 | D:4      | Found a runed door.
  4229 | D:4      | Noticed Crazy Yiuf
  4231 | D:4      | Killed Crazy Yiuf
  4428 | D:4      | Found Capau's Antique Armour Shop.
  4513 | D:4      | Found a staircase to the Ecumenical Temple.
  4519 | Temple   | Entered the Ecumenical Temple
  4527 | Temple   | Became a worshipper of Vehumet
  4616 | D:5      | HP: 1/36 [something (5)]
  4627 | D:5      | Slain by an unseen horror

Skill      XL: |  1  2  3  4  5  6 |
---------------+-------------------+-----
Earth Magic    | 4 5 |  5.8
Spellcasting   | 3 4 5 |  5.7
Conjurations   | 1 2 3 |  3.5
Dodging        | |  1.5
Stealth        | |  2.1
Transmutations | |  0.7

Action                   |  1- 3 |  4- 6 |  7- 9 || total
-------------------------+-------+-------+-------++-------
Melee: Mace              |    20 |    10 |       ||    30
       Quarterstaff      |       |       |    17 ||    17
 Cast: Sandblast         |    41 |    78 |     4 ||   123
       Stone Arrow       |     1 |     1 |     4 ||     6
  Use: Scroll            |       |     6 |     2 ||     8
       Potion            |       |       |     3 ||     3
 Stab: Petrified         |       |       |     3 ||     3
       Distracted        |       |       |     1 ||     1
  Eat: Chunk             |     4 |     5 |     3 ||    12
Armor: Robe              |    13 |    13 |     9 ||    35
Dodge: Dodged            |    13 |    28 |    10 ||    51
